 Dungeon Crawl Stone Soup version 0.25.1-2-g60ff931df9 (webtiles) character file.

Game seed: 18222059448525485665

42 Araneus the Sneak (level 3, 0/24 HPs)
             Began as an Octopode Assassin on Aug 25, 2020.
             Slain by an adder (4 damage)
             ... on level 1 of the Dungeon on Sept 10, 2020.
             The game lasted 00:04:14 (1337 turns).

Araneus the Sneak (Octopode Assassin)               Turns: 1337, Time: 00:04:14

Health: 0/24       AC:  1    Str: 10    XL:     3   Next: 56%
Magic:  3/3        EV: 13    Int: 13    God:
Gold:   46         SH:  0    Dex: 14    Spells: 2/2 levels left

rFire    . . .     SeeInvis .   a - +2 dagger
rCold    . . .     Gourm    .   (no shield)
rNeg     . . .     Faith    .   (helmet restricted)
rPois    .         Spirit   .   (no amulet)
rElec    .         Reflect  .   (no ring)
rCorr    .         Harm     .   (no ring)
MR       .....                  (no ring)
Stlth    ++++......             (no ring)
HPRegen  0.08/turn              (no ring)
MPRegen  0.08/turn              (no ring)
                                (no ring)
                                (no ring)

@: lethally poisoned (0 -> -4)
A: almost no armour, stealthy swim, amphibious, 8 rings, constrict 8, camouflage
1, gelatinous body 1
a: no special abilities


You were on level 1 of the Dungeon.
You were not hungry.

You visited 1 branch of the dungeon, and saw 2 of its levels.

You collected 46 gold pieces.

Inventory:

Hand Weapons
 a - a +2 dagger (weapon)
Missiles
 b - 8 poisoned darts (quivered)
 c - 2 curare-tipped darts
Scrolls
 h - 2 scrolls of remove curse {unknown}
 i - a scroll of amnesia {unknown}
 j - a scroll of immolation {unknown}
Potions
 f - a potion of resistance {unknown}
Comestibles
 d - 3 rations
 g - a chunk of flesh


   Skills:
 - Level 2.0 Fighting
 + Level 3.8 Short Blades
 - Level 2.0 Throwing
 - Level 1.0 Dodging
 - Level 5.3 Stealth


You had 2 spell levels left.
You didn't know any spells.
Your spell library was empty.

Dungeon Overview and Level Annotations

Branches:
Dungeon (2/15)

Altars:


Innate Abilities, Weirdness & Mutations

You cannot wear most types of armour.
You are very stealthy in the water. (Stealth+)
You are amphibious.
You can wear up to eight rings at the same time.
You can use your tentacles to constrict eight enemies at once.
Your skin changes colour to match your surroundings (Stealth+).
Your rubbery body absorbs attacks. (AC +1, EV +1)


Message History

There is a stone staircase leading down here.
You are too injured to fight recklessly!
You closely miss the adder. Your grab misses the adder.
The adder is moderately wounded.
The adder barely misses you.
You barely miss the adder. You grab the adder.
The adder is moderately wounded.
You constrict the adder. The adder bites you.
* * * LOW HITPOINT WARNING * * *
You are poisoned.
The adder poisons you!
You hit the adder.
The adder is heavily wounded.
You constrict the adder.
* * * LOW HITPOINT WARNING * * *
You feel sick. The adder barely misses you.
You completely miss the adder.
The adder is heavily wounded.
You constrict the adder. The adder bites you.
You die...

....# #.# #[.......# ....# #.#
#........# ....#
##'#####........##### ....#
#...................) ....#
#........######.##### ....#
#######........# ####'## # ....#
#..............# #....)# # ....#
#..........S...# #.....# # #####
#.........@....###.....# #
#.........#######.....#####
##.....[...# #....>#....
#.........## #.....#....
######.######### #.....#....
.........#♣♣♣♣♣♣♣♣♣♣♣##.....#....
######.#.#♣<.........'......#....
...#...#.#♣...♣♣♣♣♣.♣#......#....
.......#.#♣....♣P♣♣.♣##.....#....


You could see an adder.

Vanquished Creatures
  An adder (D:2)
  A leopard gecko (D:1)
  A ball python (D:1)
  5 bats (D:1)
  2 giant cockroaches (D:1)
  2 goblins (D:1)
  2 hobgoblins (D:1)
  7 jackals (D:1)
  5 frilled lizards
  4 kobolds (D:1)
30 creatures vanquished.

Notes
Turn   | Place    | Note
-------+----------+-------------------------------------------
     0 | D:1      | Araneus the Octopode Assassin began the quest for the Orb.
     0 | D:1      | Reached XP level 1. HP: 14/14 MP: 1/1
    94 | D:1      | Reached XP level 2. HP: 14/19 MP: 2/2
   719 | D:1      | Reached XP level 3. HP: 18/24 MP: 3/3
  1337 | D:1      | Slain by an adder

Illustrated notes

Levels and vault maps discovered:
D:1:      psy_arrival_fountain, layout_basic
D:2:      layout_basic, uniq_natasha, uniq_robin

Skill      XL: |  1  2 |
---------------+-------+-----
Short Blades   | 3 |  3.8
Fighting       | |  2.0
Throwing       | |  2.0
Dodging        | |  1.0
Stealth        | |  5.3

Action                   || total
-------------------------++-------
Melee: Dagger            ||    55
       Constrict         ||    14
       Tentacles         ||     8
  Use: Potion            ||     1
 Stab: Sleeping          ||    10
       Distracted        ||     1
  Eat: Chunk             ||     1
Armor: Skin              ||     3
Dodge: Dodged            ||    30
